Map: Deathaura LE

Players

Slaight

  • Race: Protoss Protoss
  • League: Platinum
  • Spawn Location: 11:00

VOD

Have the link to the VOD?

Description

Time

  • Played on: July 24, 2020, 2:21 a.m.
  • Length: 6:26
Show
View Real Time Build Order
Export as new Build Order

Slaight Protoss 

Build Orders:  

Get SALT Encoding   

  12  0:03  Probe (Chrono Boost)  
  14  0:20  Probe (Chrono Boost)  
  14  0:26  Pylon  
  14  0:39  Assimilator  
  14  0:42  Probe (Chrono Boost)  
  15  0:59  Probe (Chrono Boost)  
  16  1:03  Gateway  
  16  1:16  Probe (Chrono Boost)  
  17  1:33  Probe (Chrono Boost)  
  19  1:50  Probe (Chrono Boost)  
  19  1:59  Nexus  
  19  2:14  Cybernetics Core  
  19  2:19  Probe (Chrono Boost)  
  20  2:30  Assimilator  
  20  2:36  Probe (Chrono Boost)  
  21  2:45  Pylon  
  21  2:53  Probe (Chrono Boost)  
  23  3:10  Probe (Chrono Boost)  
  25  3:28  Robotics Facility  
  25  3:34  Probe (Chrono Boost)  
  25  3:39  Unknown  
  26  3:42  Stalker  
  29  3:51  Probe (Chrono Boost)  
  29  3:56  Probe (Chrono Boost)  
  30  4:08  Probe (Chrono Boost), Unknown  
  31  4:12  Probe (Chrono Boost)  
  31  4:13  Warp Gate  
  32  4:21  Warp Prism  
  32  4:25  Probe (Chrono Boost), Unknown  
  32  4:29  Probe (Chrono Boost)  
  37  4:41  Probe (Chrono Boost)  
  37  4:43  Twilight Council  
  38  4:52  Probe (Chrono Boost)  
  38  5:02  Immortal  
  40  5:28  Gateway  
  40  5:31  Gateway  
  40  5:56  Gateway  
  40  5:59  Pylon  
Tags
 
Add a new tag
Caveats
  • Supply blocks, unpowered buildings, or Contaminate may cause inaccurate times.
  • Supply counts are checked every 10 seconds.